 Dungeon Crawl Stone Soup version 0.27.1-33-g824d729ab1 (webtiles) character file.

Game seed: 113031786616930748

606 Candide the Conjurer (level 7, -3/61 HPs)
             Began as a Pale Draconian Conjurer on Dec 11, 2021.
             Was an Initiate of Gozag.
             Slain by an orc warrior (22 damage)
             ... on level 6 of the Dungeon.
             The game lasted 00:34:30 (2458 turns).

Candide the Conjurer (Pale Draconian Conjurer)      Turns: 2458, Time: 00:34:30

Health: -3/61      AC:  6    Str: 10    XL:     7   Next: 19%
Magic:  8/10       EV: 12    Int: 19    God:    Gozag
Gold:   308        SH:  0    Dex: 10    Spells: 7/10 levels left

rFire    . . .     SeeInvis .   n - +8 long sword of Eduqaeck {flame, rElec rPois rCorr Stlth-}
rCold    . . .     Faith    .   (no shield)
rNeg     . . .     Spirit   .   (armour unavailable)
rPois    +         Reflect  .   (helmet restricted)
rElec    +         Harm     .   (no cloak)
rCorr    +         Rampage  .   (no gloves)
Will     .....                  (no boots)
Stlth    +.........             (no amulet)
HPRegen  0.20/turn              (no ring)
MPRegen  0.12/turn              (no ring)

@: gold aura
A: breathe steam, AC +6, unfitting armour, cold-blooded, steam resistance
a: Breathe Steam, Renounce Religion, Potion Petition, Call Merchant, Bribe
Branch


You were on level 6 of the Dungeon.
You worshipped Gozag.
Gozag was aware of your devotion.
You visited 1 branch of the dungeon, and saw 6 of its levels.

You collected 342 gold pieces.
You paid 34 gold pieces to Gozag.

Inventory:

Hand Weapons
 c - a +0 mace
 h - a +1 dagger of venom
 n - the +8 long sword of Eduqaeck (weapon) {flame, rElec rPois rCorr Stlth-}
   (You found it on level 4 of the Dungeon)

   It burns those it strikes, dealing additional fire damage.
   Big, fiery blades are also staple armaments of hydra-hunters.
   rElec:     It insulates you from electricity.
   rPois:     It protects you from poison.
   rCorr:     It protects you from acid and corrosion.
   Stlth:     It makes you less stealthy.
Wands
 o - a wand of polymorph (12)
Scrolls
 a - a scroll of enchant armour {unknown}
 b - a scroll of enchant weapon {unknown}
 d - a scroll of amnesia {unknown}
 e - 2 scrolls of fear {unknown}
 g - a scroll of immolation {unknown}
 i - a scroll of noise {unknown}
 j - 4 scrolls of identify {unknown}
 k - 2 scrolls of magic mapping {unknown}
Potions
 f - 3 potions of curing
 l - a potion of resistance {unknown}
 m - a potion of attraction {unknown}
 p - 2 potions of invisibility {unknown}


   Skills:
 - Level 5.0 Fighting
 + Level 3.2 Long Blades
 - Level 1.7 Dodging
 - Level 1.7 Stealth
 - Level 2.0 Spellcasting
 - Level 6.4 Conjurations


You had 7 spell levels left.
You knew the following spells:

 Your Spells              Type           Power      Damage    Failure   Level
a - Magic Dart            Conj           100%       1d8       1%          1
b - Searing Ray           Conj           52%        3d5       1%          2

Your spell library contained the following spells:

 Spells                   Type           Power      Damage    Failure   Level
 Dazzling Flash           Conj/Hex       28%        N/A       14%         3
 Pain                     Necr           4%         1d4       17%         1
 Slow                     Hex            1%         N/A       26%         2
 Fulminant Prism          Conj/Hex       7%         3d7       41%         4
 Iskenderun's Mystic Bla  Conj/Tloc      14%        2d5       41%         4
 Confusing Touch          Hex            1%         N/A       45%         3
 Agony                    Necr           1%         N/A       99%         5
 Excruciating Wounds      Necr           0%         N/A       99%         5
 Yara's Violent Unravell  Hex/Tmut       0%         3d3       99%         5
 Starburst                Conj/Fire      7%         6d4       100%        6


Dungeon Overview and Level Annotations

Branches:
Dungeon (6/15)             Temple (0/1) D:5

Altars:
Gozag
Kikubaaqudgha

Shops:
D:1 [

Annotations:
D:3 Jessica, Sigmund


Innate Abilities, Weirdness & Mutations

You can breathe blasts of scalding, opaque steam.
Your pale cyan-grey scales are hard. (AC +6)
You cannot fit into any form of body armour.
You are cold-blooded and may be slowed by cold attacks.
You are immune to the effects of steam.


Message History

Aim: an orc wizard, wielding a +0 dagger of venom and wearing a +2 robe of willpower (74% to hit)
The searing ray hits the orc warrior.
The orc warrior is lightly wounded.
The searing ray hits the orc wizard!
The orc wizard is almost dead. (Press . to maintain the ray.)
The searing ray hits the orc warrior but does no damage.
The orc warrior is lightly wounded.
The searing ray hits the orc wizard.
You kill the orc wizard!
You barely miss the orc warrior.
You tail-slap the orc warrior, but do no damage.
The orc warrior is lightly wounded.
The orc priest is distracted by your dazzling golden aura.
The orc warrior hits you with a +0 dire flail!
The orc priest shouts!
You hit the orc warrior. You burn the orc warrior.
Your tail-slap misses the orc warrior.
The orc warrior is lightly wounded.
The orc warrior misses you.
The orc warrior hits you with a +0 dire flail!
You slash the orc warrior! You burn the orc warrior.
The orc warrior is heavily wounded.
The orc warrior hits you with a +0 dire flail.
You barely miss the orc warrior.
The orc warrior is heavily wounded.
The orc priest is no longer distracted by gold.
The orc warrior closely misses you.
You riposte.
You hit the orc warrior but do no damage.
The orc warrior is heavily wounded.
The orc priest barely misses you.
You hit the orc warrior. You burn the orc warrior.
The orc warrior is severely wounded.
The orc warrior hits you with a +0 dire flail!
The orc priest barely misses you.
You hit the orc warrior. You burn the orc warrior.
The orc warrior is almost dead.
The orc warrior hits you with a +0 dire flail!!
You die...
Your body crumbles into a pile of gold.

.... #.#.####.#
.(..####.#......#
#................
####....#########
##...# #...#
##.## #.# #@#
#⌠...oo# #..$.###
#..... #_.⌠.
#.... ##!^ ###


You could see an orc warrior and an orc priest.

Vanquished Creatures
  An ogre (D:4)
  A scorpion (D:4)
  An orc priest (D:4)
  3 hounds
  A gnoll shaman (D:5)
  An iguana (D:4)
  5 orc wizards
  5 gnolls (D:5)
  6 adders
  2 adder skeletons (D:4)
  2 dart slugs
  3 orcs (D:4)
  7 endoplasms
  5 goblins
  5 hobgoblins
  4 jackals
  6 kobolds
  3 quokkas
  4 ball pythons
  3 bats
  A frilled lizard (D:1)
  3 rats
72 creatures vanquished.

Notes
Turn   | Place    | Note
-------+----------+-------------------------------------------
     0 | D:1      | Candide the Draconian Conjurer began the quest for the Orb.
     0 | D:1      | Reached XP level 1. HP: 14/14 MP: 3/3
   318 | D:1      | Found Niestrao's Antique Armour Shoppe.
   350 | D:1      | Reached XP level 2. HP: 20/20 MP: 5/5
   695 | D:2      | Reached skill level 5 in Conjurations
   764 | D:2      | Reached XP level 3. HP: 26/26 MP: 4/6
  1065 | D:3      | Noticed Sigmund
  1125 | D:3      | Reached XP level 4. HP: 28/33 MP: 7/7
  1181 | D:3      | Noticed Jessica
  1459 | D:4      | Found an opulent altar of Gozag.
  1474 | D:4      | Became a worshipper of Gozag Ym Sagoz the Greedy
  1518 | D:4      | Identified the +8 long sword of Eduqaeck {flame, rElec
                  | rPois rCorr Stlth-}
  1522 | D:4      | Noticed a scorpion
  1535 | D:4      | Killed a scorpion
  1536 | D:4      | Reached skill level 6 in Conjurations
  1536 | D:4      | Reached XP level 5. HP: 8/38 MP: 4/8
  1556 | D:4      | Identified the +1 robe of Impermeability {Rampage rPois
                  | Int-4 Dex+7}
  1591 | D:4      | Reached skill level 1 in Fighting
  1878 | D:4      | Reached XP level 6. HP: 19/51 MP: 1/9
  1973 | D:4      | Learned a level 2 spell: Searing Ray
  2177 | D:5      | Entered Level 5 of the Dungeon
  2291 | D:5      | Reached skill level 5 in Fighting
  2320 | D:5      | Reached skill level 1 in Long Blades
  2336 | D:5      | Your scales start taking on a pale cyan-grey colour.
  2336 | D:5      | Reached XP level 7. HP: 35/61 MP: 2/10
  2336 | D:5      | Gained mutation: You are immune to the effects of steam.
                  | [Pale Draconian growth]
  2387 | D:5      | Found a staircase to the Ecumenical Temple.
  2448 | D:6      | Found an ancient bone altar of Kikubaaqudgha.
  2458 | D:6      | Slain by an orc warrior

Illustrated notes

Levels and vault maps discovered:
D:1:      dpeg_cavernosity, layout_loops_ring,
          hellmonk_ecumenical_altar_pennies_from_heaven, serial_shops,
          nicolae_diamond_shop
D:2:      layout_loops_ring, minmay_tromino_v7
D:3:      layout_basic, uniq_jessica, uniq_sigmund
D:4:      layout_cave_pools, grunt_gozag_breadcrumbs
D:5:      layout_rooms, minmay_temple_entry_statues, kennysheep_pointless_box
D:6:      layout_basic, gammafunk_temple_overflow_pools,
          makhleb_blood_cavern_becter, kennysheep_crisscross, chequers_avenue

Skill      XL: |  1  2  3  4  5  6  7 |
---------------+----------------------+-----
Conjurations   | 5 6 |  6.4
Fighting       | 3 5 |  5.0
Long Blades    | 2 3 |  3.2
Dodging        | |  1.7
Stealth        | |  1.7
Spellcasting   | |  2.0

Action                   |  1- 3 |  4- 6 |  7- 9 || total
-------------------------+-------+-------+-------++-------
Melee: Mace              |    27 |       |       ||    27
       Tailslap          |     4 |     4 |     1 ||     9
       Dagger            |    19 |       |       ||    19
       Long sword        |       |    34 |    12 ||    46
 Cast: Magic Dart        |    53 |    45 |       ||    98
       Searing Ray       |       |     8 |     2 ||    10
  Use: Potion            |       |     3 |       ||     3
 Stab: Sleeping          |     2 |       |       ||     2
       Distracted        |     1 |       |       ||     1
Armor: Skin              |    23 |    23 |       ||    46
Dodge: Dodged            |    39 |    31 |     9 ||    79
       Rpst.: Long sword |       |     5 |     3 ||     8
